 Dungeon Crawl Stone Soup version 0.31-a0-705-ga145531891 (webtiles) character file.

Game seed: 12289836314136324294

1904162 Ge0ff the Spawn of Chaos (level 27, 223/223 HPs)
             Began as a Gnoll Shapeshifter on Sept 9, 2023.
             Was an Initiate of Makhleb.
             Escaped with the Orb
             ... and 4 runes on Sept 11, 2023!
             The game lasted 04:16:22 (101101 turns).

Ge0ff the Spawn of Chaos (Gnoll Shapeshifter)     Turns: 101101, Time: 04:16:23

Health: 223/223    AC: 26    Str: 18    XL:     27
Magic:  46/46      EV: 23    Int: 15    God:    Makhleb [......]
Gold:   6058       SH: 13    Dex: 12    Spells: 6/65 levels left

rFire   . . .        a - +7 Spriggan's Knife {stab, EV+4 Stlth+}
rCold   + . .        Q - +4 buckler "Sumi" {Rampage Regen+}
rNeg    . . .        G - quicksilver dragon scales
rPois   +            m - +2 helmet
rElec   +            c - +2 cloak {rCorr}
rCorr   +            D - +1 pair of gloves "Jullux" {Dex+2}
SInv    +            w - +1 pair of boots of Pragmatism {rPois Will- Regen+}
Will    ++...        A - amulet of Dithmenos's Envy {Acrobat rElec Int+3 Dex-5}
Stlth   +++          P - ring "Asom" {Wiz rC+ Slay+4, =R}
HPRegen 2.17/turn    I - ring of see invisible
MPRegen 0.30/turn

%: acrobat, rampage, wizardry (x1)
@: hasted, very quick
A: fangs 1, strong nose, distributed training, deformed body, dopey 2, poison
resistance, wild magic 1
0: Orb of Zot
}: 4/15 runes: decaying, serpentine, slimy, silver
a: Renounce Religion


You escaped.
You worshipped Makhleb.
Makhleb was noncommittal.
You visited 12 branches of the dungeon, and saw 56 of its levels.
You visited 2 bazaars.
You visited 1 ziggurat, and saw 7 of its levels.
You also visited: Gauntlet and Volcano.

You collected 10132 gold pieces.
You spent 4074 gold pieces at shops.

Inventory:

Hand Weapons
 a - the +7 Spriggan's Knife (weapon) {stab, EV+4 Stlth+}
   (You found it on level 5 of the Lair of Beasts)

   Stab:      It is more effective when stabbing unaware enemies, sometimes
   treating them as though they were completely helpless.
   EV+4:      It affects your evasion (+4).
   Stlth+:    It makes you more stealthy.
 b - a +7 spectral demon blade
Missiles
 g - 2 throwing nets {=F}
 v - 10 curare-tipped darts {=F}
 x - 20 atropa-tipped darts
 Y - 10 javelins
Armour
 c - a +2 cloak of preservation (worn)
 m - a +2 helmet (worn)
 w - the +1 pair of boots of Pragmatism (worn) {rPois Will- Regen+}
   (You found it on level 3 of the Elven Halls)

   rPois:     It protects you from poison Will-: It decreases your willpower.
   Regen+:    It increases your rate of health regeneration.
 D - the +1 pair of gloves "Jullux" (worn) {Dex+2}
   (You found it on level 2 of the Snake Pit)

   Dex+2:     It affects your dexterity (+2).
 G - quicksilver dragon scales (worn)
 L - the +2 hat of the Bear Spirit {Spirit, Bear, *Rage Will++}
   (You found it on level 5 of the Vaults)

   Bear:      Going berserk makes the wearer exceptionally tough, and they are
   slowed for a shorter time afterward.
   Will++:    It greatly increases your willpower.
   *Rage:     It berserks you when you make melee attacks (+20% chance).
 Q - the +4 buckler "Sumi" (worn) {Rampage Regen+}
   (You bought it in a shop on level 2 of the Orcish Mines)

   Regen+:    It increases your rate of health regeneration.
   Rampage:   It bestows one free step when moving towards enemies.
Magical Staves
 f - the staff "Mano" {Fly rElec Air}
   (You found it on level 1 of the Crypt)

   [staff of air]

   Base accuracy: +5 Base damage: 5 Base attack delay: 1.2 This weapon's minimum
   attack delay (0.6) is reached at skill level 12.
   rElec:     It insulates you from electricity.
   Fly:       It grants you flight.
   Air:       It increases the power of your Air spells.
   It falls into the 'Staves' category.
   It is a one-handed weapon.
Jewellery
 e - an amulet of faith
 h - the ring of Gluttony {rPois Will+ rCorr}
   (You found it on level 5 of the Pits of Slime)

   [ring of poison resistance]

   rPois:     It protects you from poison Will+: It increases your willpower.
   rCorr:     It protects you from acid and corrosion.
 i - the ring of Akhosig {rF+ Will+ Dex+3}
   (You took it off a skeletal warrior on level 1 of the Crypt)

   [ring of willpower]

   Dex+3:     It affects your dexterity (+3).
   rF+:       It protects you from fire.
   Will+:     It increases your willpower.
 k - a ring of positive energy
 A - the amulet of Dithmenos's Envy (around neck) {Acrobat rElec Int+3 Dex-5}
   (You found it on level 5 of the Pits of Slime)

   [amulet of the acrobat]

   Acrobat:   It increases your evasion while moving and waiting.
   Int+3:     It affects your intelligence (+3).
   Dex-5:     It affects your dexterity (-5).
   rElec:     It insulates you from electricity.
 I - a ring of see invisible (right hand)
 P - the ring "Asom" (left hand) {Wiz rC+ Slay+4, =R}
   (You found it in a Gauntlet)

   [ring of wizardry]

   Wiz:       It improves your spell success rate.
   Slay+4:    It affects your accuracy & damage with ranged weapons and melee
   (+4).
   rC+:       It protects you from cold.
Wands
 d - a wand of digging (25)
 j - a wand of light (16)
 p - a wand of paralysis (41)
 r - a wand of roots (22)
 s - a wand of mindburst (30)
Scrolls
 y - a scroll of immolation
 B - 5 scrolls of blinking
 C - 16 scrolls of poison
 E - 3 scrolls of fear
 F - 12 scrolls of fog
 J - 4 scrolls of silence {!r}
 S - 4 scrolls of summoning
 T - 14 scrolls of teleportation
 V - 8 scrolls of vulnerability
Potions
 o - 5 potions of ambrosia
 q - 24 potions of curing
 u - 7 potions of mutation {!q}
 z - a potion of brilliance
 H - 7 potions of haste {!q}
 K - a potion of magic {!q}
 M - 7 potions of might
 N - a potion of cancellation {!q}
 R - 6 potions of resistance
 W - 3 potions of heal wounds {!q}
 X - 11 potions of enlightenment
 Z - 6 potions of berserk rage {!q}
Miscellaneous
 l - a lightning rod (4/4)
 n - a phial of floods
 O - a sack of spiders
 U - a phantom mirror


   Skills:
 + Level 19.7 Fighting
 + Level 19.6 Short Blades
 + Level 19.6 Long Blades
 + Level 19.6 Axes
 + Level 19.6 Maces & Flails
 + Level 19.6 Polearms
 + Level 19.6 Staves
 + Level 19.6 Ranged Weapons
 + Level 19.6 Throwing
 + Level 19.6 Armour
 + Level 20.0 Dodging
 + Level 19.6 Stealth
 + Level 19.6 Shields
 + Level 20.4 Unarmed Combat
 + Level 19.6 Spellcasting
 + Level 16.7 Conjurations
 + Level 16.7 Hexes
 + Level 16.7 Summonings
 + Level 16.7 Necromancy
 + Level 16.7 Translocations
 + Level 16.7 Transmutations
 + Level 16.7 Fire Magic
 + Level 16.7 Ice Magic
 + Level 16.7 Air Magic
 + Level 16.7 Earth Magic
 + Level 16.7 Poison Magic
 + Level 21.1 Invocations
 + Level 19.6 Evocations
 + Level 19.1 Shapeshifting


You had 6 spell levels left.
You knew the following spells:

 Your Spells              Type           Power      Damage    Failure   Level
a - Sublimation of Blood  Necr           71%        N/A       1%          2
e - Irradiate             Conj/Tmut      35%        3d23      1%          5
g - Apportation           Tloc           100%       N/A       1%          1
h - Lee's Rapid Deconstr  Erth           35%        3d18*     1%          5
k - Borgnjor's Vile Clut  Necr/Erth      35%        N/A       1%          5
m - Leda's Unmaking       Conj/Erth      35%        9d6       1%          6
n - Dispel Undead         Necr           71%        3d24      1%          4
s - Dazzling Flash        Conj/Hex       100%       N/A       1%          3
v - Summon Mana Viper     Hex/Summ       71%        N/A       1%          5
w - Passwall              Tmut/Erth      59%        N/A       1%          2
y - Yara's Violent Unrav  Hex/Tmut       35%        3d14      1%          5
B - Blink                 Tloc           100%       N/A       1%          2
C - Enfeeble              Hex            35%        N/A       3%          7
E - Ozocubu's Refrigerat  Ice            35%        4d15      3%          7

Your spell library contained the following spells:

 Spells                   Type           Power      Damage    Failure   Level
 Foxfire                  Conj/Fire      100%       2x1d9     1%          1
 Freeze                   Ice            100%       1d10      1%          1
 Kiss of Death            Conj/Necr      100%       2d13      1%          1
 Magic Dart               Conj           100%       1d8       1%          1
 Necrotise                Necr           100%       1d9       1%          1
 Sandblast                Erth           100%       2d20      1%          1
 Sting                    Tmut/Pois      100%       1d8       1%          1
 Summon Small Mammal      Summ           100%       N/A       1%          1
 Call Imp                 Summ           100%       N/A       1%          2
 Cigotuvi's Dreadful Rot  Necr/Pois/Air  100%       N/A       1%          2
 Ensorcelled Hibernation  Hex/Ice        100%       N/A       1%          2
 Jinxbite                 Hex            100%       N/A       1%          2
 Lesser Beckoning         Tloc           100%       N/A       1%          2
 Poisonous Vapours        Pois/Air       100%       N/A       1%          2
 Scorch                   Fire           100%       2d9       1%          2
 Static Discharge         Conj/Air       100%       2-7/arc   1%          2
 Wereblood                Tmut           71%        N/A       1%          2
 Call Canine Familiar     Summ           71%        N/A       1%          3
 Confusing Touch          Hex            71%        N/A       1%          3
 Frozen Ramparts          Ice            100%       1d16      1%          3
 Hailstorm                Conj/Ice       71%        3d15      1%          3
 Ignite Poison            Fire/Tmut/Pois 71%        N/A       1%          3
 Inner Flame              Hex/Fire       71%        N/A       1%          3
 Mephitic Cloud           Conj/Pois/Air  71%        N/A       1%          3
 Ozocubu's Armour         Ice            71%        N/A       1%          3
 Sigil of Binding         Hex            71%        N/A       1%          3
 Stone Arrow              Conj/Erth      100%       3d13      1%          3
 Summon Guardian Golem    Hex/Summ       71%        N/A       1%          3
 Tukima's Dance           Hex            71%        N/A       1%          3
 Vampiric Draining        Necr           71%        2d11      1%          3
 Volatile Blastmotes      Fire/Tloc      100%       2d18      1%          3
 Airstrike                Air            35%        2d(6-22)  1%          4
 Anguish                  Hex/Necr       35%        N/A       1%          4
 Animate Dead             Necr           71%        N/A       1%          4
 Dimensional Bullseye     Hex/Tloc       35%        N/A       1%          4
 Flame Wave               Conj/Fire      71%        2d16      1%          4
 Fulminant Prism          Conj/Hex       35%        3d17      1%          4
 Iskenderun's Mystic Bla  Conj/Tloc      71%        2d14      1%          4
 Leda's Liquefaction      Hex/Erth       35%        N/A       1%          4
 Manifold Assault         Tloc           71%        N/A       1%          4
 Olgreb's Toxic Radiance  Pois           71%        N/A       1%          4
 Passage of Golubria      Tloc           71%        N/A       1%          4
 Petrify                  Tmut/Erth      71%        N/A       1%          4
 Summon Ice Beast         Ice/Summ       71%        N/A       1%          4
 Summon Lightning Spire   Summ/Air       71%        N/A       1%          4
 Vhi's Electric Charge    Tloc/Air       100%       N/A       1%          4
 Agony                    Necr           71%        N/A       1%          5
 Alistair's Intoxication  Tmut/Pois      47%        N/A       1%          5
 Freezing Cloud           Conj/Ice/Air   35%        6-21      1%          5
 Iskenderun's Battlesphe  Conj           71%        2d12      1%          5
 Metabolic Englaciation   Hex/Ice        35%        N/A       1%          5
 Silence                  Hex/Air        35%        N/A       1%          5
 Summon Forest            Summ/Tloc      35%        N/A       1%          5
 Conjure Ball Lightning   Conj/Air       35%        3x3d11    1%          6
 Death Channel            Necr           35%        N/A       1%          6
 Eringya's Noxious Bog    Tmut/Pois      35%        4d6       1%          6
 Plasma Beam              Fire/Air       35%        2x1d49    1%          6
 Simulacrum               Ice/Necr       35%        N/A       1%          6
 Starburst                Conj/Fire      35%        6d10      1%          6
 Summon Cactus Giant      Summ           35%        N/A       1%          6
 Haunt                    Necr/Summ      35%        N/A       3%          7
 Monstrous Menagerie      Summ           35%        N/A       3%          7
 Orb of Destruction       Conj           35%        9d10      3%          7
 Spellforged Servitor     Conj/Summ      35%        N/A       3%          7
 Summon Hydra             Summ           35%        N/A       3%          7
 Discord                  Hex            35%        N/A       21%         8
 Disjunction              Tloc           35%        N/A       21%         8
 Ignition                 Fire           35%        3d11      21%         8
 Infestation              Necr           35%        N/A       21%         8
 Maxwell's Capacitive Co  Air            35%        ∞         21%         8
 Chain Lightning          Conj/Air       35%        3d47      92%         9
 Death's Door             Necr           35%        N/A       92%         9
 Dragon's Call            Summ           35%        N/A       92%         9
 Fire Storm               Conj/Fire      35%        8d9       92%         9
 Polar Vortex             Ice            35%        12d4*     92%         9
 Shatter                  Erth           35%        3d28*     92%         9


Dungeon Overview and Level Annotations

Branches:
Dungeon (15/15)            Temple (1/1) D:4            Lair (5/5) D:10
  Swamp (4/4) Lair:3        Snake (4/4) Lair:2        Slime (5/5) Lair:5
    Orc (2/2) D:10            Elf (3/3) Orc:2        Vaults (5/5) D:14
  Crypt (3/3) Vaults:2       Tomb (0/3) Crypt:3      Depths (4/4) D:15
    Zot (5/5) Depths:4    Volcano (visited)         Gauntlet (visited)

Altars:
Ashenzari
Cheibriados
Dithmenos
Elyvilon
Fedhas
Gozag
Hepliaklqana
Kikubaaqudgha
Makhleb
Nemelex Xobeh
Okawaru
Qazlal
Ru
Sif Muna
Trog
Uskayaw
Vehumet
Wu Jian
Xom
Yredelemnul
Zin
The Shining One
Jiyva

Shops:
D:3 !(=:   D:4 [   D:8 !   D:9 :   Orc:2 ::*[   Snake:3 *   Snake:4 *
Vaults:1 =   Vaults:5 :   Depths:3 =:=

Portals:
Hell: Depths:1 Depths:2 Depths:3 Depths:4
Abyss: Depths:2 Depths:3 Depths:4
Pandemonium: Depths:2
Trove: Depths:3 (give +6 demon whip)


Innate Abilities, Weirdness & Mutations

You have very sharp teeth.
Your uncanny sense of smell can sniff out nearby items.
Your experience applies equally to all skills.
Armour fits poorly on your strangely shaped body.
You are very dopey. (Int -4)
Your system is resistant to poisons. (rPois)
Your spells are a little harder to cast, but a little more powerful.


Message History

You feel a surge of divine interest.
e - an amulet of faith (around neck)
You start removing your amulet.
You continue taking off your amulet of faith. x4
You finish taking off your amulet of faith.
Makhleb seems less interested in you.
You feel less pious.
You can no longer summon a greater servant of Makhleb.
You start putting on your amulet.
You continue putting on your amulet of faith. x5
You finish putting on your amulet of faith.
You feel a surge of divine interest.
e - an amulet of faith (around neck)
You start removing your amulet.
You continue taking off your amulet of faith. x4
You finish taking off your amulet of faith.
Makhleb seems less interested in you.
You feel less pious.
You can no longer summon a lesser servant of Makhleb.
You start putting on your amulet.
You continue putting on your amulet of faith.
Magic restored.
You continue putting on your amulet of faith. x4
You finish putting on your amulet of faith.
You feel a surge of divine interest.
e - an amulet of faith (around neck)
You start removing your amulet.
You continue taking off your amulet of faith.
Your extra speed is starting to run out.
You continue taking off your amulet of faith. x3
You finish taking off your amulet of faith.
Makhleb seems less interested in you.
You feel less pious.
You can no longer harness Makhleb's destructive might.
You feel as though your hastened speed will last longer.
You start putting on your amulet.
You continue putting on your amulet of faith. x5
You finish putting on your amulet of faith.
You feel a surge of divine interest.
e - an amulet of faith (around neck)
You start removing your amulet.
You continue taking off your amulet of faith. x4
You finish taking off your amulet of faith.
Makhleb seems less interested in you.
You feel less pious.
You can no longer gain health from killing.
You start putting on your amulet.
You continue putting on the amulet of Dithmenos's Envy {Acrobat rElec Int+3 Dex-5}. x5
You finish putting on the amulet of Dithmenos's Envy {Acrobat rElec Int+3 Dex-5}.
You feel ready to tumble and roll out of harm's way.
You feel clever.
You feel clumsy.
A - the amulet of Dithmenos's Envy (around neck) {Acrobat rElec Int+3 Dex-5} You have escaped!

#.####..##.>.........##..# ####.#
#..##.##.######.##..##### ..##.#
#..##.##.# #....##.......
#.##.####.....##.# #....###.####.
#.#...##.....#######....###.# #.
#........#...####......#....# #.
###...####......###.##.###### #.
##.## #....#...#.##.# #. #.#
#....#.@.#....# #. #.#
#.##.#...#....# #. ####.#
#.##.###......# #.
..##.#####......####...## #.
#.##...#.....#### #....# #.
#.####.#.....# #....# #.
#.##.....##### #....# #.
#.##.....##############.########.
#................................


There were no monsters in sight!

Vanquished Creatures
  5 dread liches
  4 orbs of fire (Zot:5)
  Mara (Depths:3)
  2 ancient liches (Vaults:5)
  A juggernaut (Depths:3)
  Vv (Depths:2)
  3 Killer Klowns
  Saint Roka (Vaults:4)
  3 curse toes
  A pandemonium lord (D:13)
  Xtahua (Vaults:4)
  4 caustic shrikes (Depths:4)
  A profane servitor (Crypt:3)
  7 golden dragons
  An electric golem (Zot:5)
  A bone dragon (Crypt:1)
  A walking crystal tome (Depths:2)
  2 Hell Sentinels
  Jorgrun (D:14)
  An Ice Fiend (Depths:1)
  3 liches
  14 tentacled monstrosities
  17 Orb Guardians (Zot:5)
  A shard shrike skeleton (Crypt:2)
  A walking earthen tome (Depths:3)
  2 titans (Vaults:5)
  2 deep elf blademasters (Elf:3)
  8 sphinxes
  A deep elf master archer (Elf:3)
  3 quicksilver dragons
  27 acid blobs
  An Executioner (D:12)
  6 shadow dragons
  4 ancient champions
  3 death cobs
  A thorn hunter (Swamp:2)
  2 revenants
  Aizul (Swamp:1)
  11 storm dragons
  A shadow dragon (shapeshifter) (Elf:2)
  Donald (Elf:2)
  A fenstrider witch (Depths:2)
  9 tengu reavers
  10 draconian monks
  17 azure jellies
  4 draconian knights
  The ghost of Punaxali the Severer, a journeyman MiBe of Trog (Snake:2)
  10 fire giants
  4 nagarajas
  17 rockslimes
  11 frost giants
  A balrug (Depths:2)
  A nargun (Depths:1)
  2 emperor scorpions
  7 deep elf sorcerers
  3 draconian scorchers
  Louise (Depths:3)
  5 draconian shifters
  16 vault wardens
  The ghost of littlecub the Fighter, a journeyman DsGl of Hepliaklqana (Snake:1)
  A caustic shrike zombie (Crypt:1)
  4 curse skulls
  6 ghouls
  5 deep elf elementalists
  19 ironbound preservers
  2 orc warlords
  5 ghost moths
  4 draconian stormcallers
  21 quicksilver oozes
  2 reapers (Crypt:1)
  15 stone giants
  2 spriggan defenders (Depths:3)
  A war gargoyle (Vaults:5)
  3 draconian annihilators
  Nessos (D:15)
  9 formless jellyfish
  6 vampire knights
  22 very ugly things
  18 green draconians
  5 ironbound thunderhulks
  11 black draconians
  3 yellow draconians
  8 deep elf demonologists
  Azrael (Orc:2)
  7 eleionomae
  9 dire elephants
  9 red draconians
  7 purple draconians
  3 bunyips
  7 deep elf annihilators
  A spark wasp (Zig:4)
  A minotaur (Gauntlet)
  7 white draconians
  4 eidola
  8 ettins
  23 jiangshi
  5 deep elf death magi
  A blizzard demon (Depths:1)
  4 fire dragons
  A merfolk javelineer (Depths:2)
  A merfolk impaler (Zig:1)
  A spriggan zombie (Crypt:3)
  An entropy weaver (shapeshifter) (Depths:2)
  4 entropy weavers
  2 shambling mangroves
  4 deep elf high priests
  14 great orbs of eyes
  12 ice dragons
  30 vault guards
  10 yaktaur captains
  3 rakshasas
  A peacekeeper (Vaults:3)
  2 salamander tyrants (Snake:3)
  11 anacondas
  4 merfolk avatars (Swamp:1)
  4 quicksilver dragon skeletons (Crypt:1)
  A fenstrider witch zombie (Crypt:1)
  8 ghost crabs
  8 ironbound frosthearts
  A jorogumo (Zig:3)
  28 hydras
  5 spriggan air magi
  11 alligators
  5 death knights
  11 centaur warriors
  8 naga warriors
  5 boulder beetles
  29 dancing weapons
  An Orb Guardian skeleton (Crypt:2)
  3 two-headed ogres
  6 deep troll shamans
  5 tengu warriors
  7 deep troll earth magi
  5 orc high priests (Orc:2)
  5 spriggan berserkers
  17 naga sharpshooters
  A soul eater (Crypt:2)
  9 hell knights
  11 vampire magi
  2 sun demons (Depths:2)
  18 shock serpents
  Nergalle (D:10)
  3 skysharks
  7 iron trolls
  A titan skeleton (Crypt:2)
  5 shadow wraiths
  17 deep elf knights
  13 salamander mystics
  49 skeletal warriors
  9 spriggan druids
  6 goliath frogs
  3 glowing orange brains
  2 sea snakes (Snake:3)
  A sea snake (shapeshifter) (Depths:2)
  4 death drakes (Depths:4)
  61 deep trolls
  5 flayed ghosts
  15 swamp dragons
  7 bog bodies
  13 deep elf archers
  25 ironbound convokers
  10 phantasmal warriors
  2 large abominations
  19 wizards
  3 orc sorcerers
  25 orc knights
  6 necromancers
  A mana viper (shapeshifter) (Vaults:4)
  Pikel (D:5)
  8 naga ritualists
  An iron dragon zombie (Crypt:2)
  31 ugly things
  21 deep elf zephyrmancers
  2 wolf spiders
  30 deep elf pyromancers
  A wolf spider (shapeshifter) (Vaults:1)
  A fire giant zombie (Crypt:1)
  15 lindwurms
  20 mana vipers
  2 manticores (shapeshifter) (Vaults:5)
  4 cyclopes
  A shining eye (shapeshifter) (Vaults:5)
  5 oklob plants
  14 moths of wrath
  4 shining eyes
  6 will-o-the-wisps
  2 frost giant zombies (D:15)
  2 stone giant zombies
  A manticore (D:15)
  A human skeleton (Vaults:3)
  19 salamanders
  2 ice statues (Depths:1)
  A cyclops (shapeshifter) (Vaults:5)
  A merfolk siren (Zig:1)
  3 centaur zombies (Crypt:1)
  3 eyes of devastation
  42 black mambas
  3 elephants (Lair:5)
  A torpor snail (Lair:1)
  A black mamba (shapeshifter) (Vaults:1)
  Maurice (D:9)
  Maggie (D:7)
  15 naga magi
  10 guardian serpents
  18 vault sentinels
  3 gargoyles
  An elephant slug zombie (Crypt:1)
  13 cane toads
  3 unseen horrors
  A rime drake (Lair:4)
  A komodo dragon (shapeshifter) (Depths:3)
  10 komodo dragons
  29 yaktaurs
  3 kobold demonologists
  Psyche (D:10)
  2 ice devils (Depths:1)
  2 bunyip simulacra (Crypt:3)
  A guardian mummy (D:14)
  10 freezing wraiths
  4 tengu conjurers
  A mana viper zombie (Crypt:1)
  A bloated husk (Swamp:2)
  A spectral harpy (Crypt:3)
  2 meliai (shapeshifter)
  11 trolls
  A harpy skeleton (Crypt:2)
  2 harpy zombies
  A mana viper skeleton (Crypt:2)
  5 tyrant leeches
  25 hornets
  26 blink frogs
  9 dream sheep
  A dream sheep (shapeshifter) (Vaults:5)
  3 air elementals
  A human simulacrum (Vaults:3)
  52 flying skulls
  Sigmund (D:5)
  21 spriggans
  106 slime creatures
  3 shadows (Crypt:3)
  A vampire (D:7)
  A ynoxinul (Depths:2)
  3 water elementals
  38 yaks
  6 wraiths
  A culicivora (Vaults:3)
  17 humans (D:14)
  6 wyverns
  3 fire elementals (Orc:2)
  6 fire dragon skeletons (Crypt:1)
  6 basilisks
  19 golden eyes
  4 redbacks
  A steam dragon (D:9)
  A redback (shapeshifter) (Zig:6)
  Menkaure (D:5)
  23 vampire mosquitoes
  A glowing shapeshifter zombie (Vaults:3)
  47 nagas
  3 wargs
  4 acid dragons
  A fire bat zombie (Crypt:1)
  2 human zombies
  12 swamp worms
  11 swamp drakes
  8 water moccasins
  A fire bat skeleton (Crypt:2)
  7 hell hounds
  An ice beast (shapeshifter) (Vaults:5)
  A floating eye (Slime:5)
  A sky beast (D:7)
  33 orc warriors
  2 black bears (D:6)
  A dream sheep zombie (Crypt:2)
  A boggart (Vaults:1)
  An ice beast (D:8)
  A blink frog skeleton (Crypt:2)
  5 ogres
  11 wolves
  15 centaurs
  3 lemures (D:5)
  4 kobold brigands
  An earth elemental (Elf:2)
  14 bullfrogs
  10 necrophages
  6 small abominations
  3 gnoll sergeants
  An elf skeleton (Crypt:1)
  4 scorpions
  5 wights (D:9)
  5 killer bees (D:9)
  A troll zombie (Crypt:1)
  4 howler monkeys
  3 electric eels
  A spriggan skeleton (Crypt:2)
  2 hounds (D:4)
  40 orc priests
  2 gnoll boudas
  Jessica (D:3)
  An iguana (D:5)
  Terence (D:3)
  17 orc wizards
  A tengu zombie (Crypt:2)
  27 gnolls
  8 adders
  A shadow imp (D:7)
  A steam dragon skeleton (Crypt:2)
  An ufetubus (D:7)
  2 dart slugs (D:1)
  104 orcs
  5 ball pythons
  8 endoplasms
  2 giant cockroaches (D:4)
  5 goblins
  3 hobgoblins
  10 kobolds
  2 quokkas (D:3)
  6 bats
  3 frilled lizards
  3 rats
2450 creatures vanquished.

Vanquished Creatures (collateral kills)
  A caustic shrike (Depths:4)
  A bone dragon (Crypt:3)
  A tentacled monstrosity (Zot:5)
  2 Orb Guardians (Zot:5)
  A death cob (Zot:5)
  An azure jelly (Slime:4)
  A storm dragon (Zot:5)
  A draconian monk (Zot:5)
  A rockslime (Slime:4)
  A draconian knight (Zot:4)
  A draconian scorcher (Zot:5)
  A draconian annihilator (Zot:4)
  2 green draconians (Zot:5)
  A yellow draconian (Zot:5)
  3 black draconians
  A purple draconian (Zot:1)
  5 white draconians
  2 red draconians
  5 jiangshi (Crypt:3)
  2 great orbs of eyes (Slime:4)
  An ogre mage (Volcano)
  An anaconda (Snake:2)
  A two-headed ogre (Volcano)
  A centaur warrior (Vaults:1)
  A shadow wraith (Crypt:3)
  3 moths of wrath (Zot:5)
  A black mamba (Snake:2)
  A slime creature (Slime:4)
  A vampire mosquito (Lair:5)
  An orc warrior (Orc:2)
  2 wolves (Lair:5)
  An orc priest (Orc:2)
  An orc wizard (Orc:1)
  An orc (Orc:2)
51 creatures vanquished.

Vanquished Creatures (others)
  A Killer Klown (Zot:5)
  An Orb Guardian (Zot:5)
  A thorn hunter (Swamp:3)
  A draconian monk (Zot:4)
  A storm dragon (Zot:5)
  A draconian scorcher (Zot:5)
  2 draconian annihilators
  2 green draconians
  A white draconian (Zot:5)
  2 red draconians
  A purple draconian (Zot:5)
  2 black draconians
  A salamander tyrant (Snake:4)
  A ghost crab (Swamp:3)
  A peacekeeper (Vaults:2)
  An alligator (Swamp:4)
  A deep elf knight (Elf:2)
  A goliath frog (Swamp:3)
  A deep elf zephyrmancer (Elf:2)
  A deep elf pyromancer (Elf:1)
  An ice statue (Zig:7)
  A moth of wrath (Zot:5)
  A vault sentinel (Vaults:1)
  A black mamba (Snake:4)
  A cane toad (Lair:5)
  A tengu conjurer (Depths:1)
  3 bloated husks
  A hornet (Swamp:3)
  A spriggan (Swamp:3)
  A water elemental (Depths:3)
  A small abomination (D:13)
  A swamp drake (Swamp:3)
  An orc warrior (Vaults:5)
  An orc priest (Orc:2)
  2 orcs (Orc:1)
  10 foxfires
  36 spectral weapons
88 creatures vanquished.

Grand Total: 2589 creatures vanquished

Notes
Turn   | Place    | Note
-------+----------+-------------------------------------------
     0 | D:1      | Ge0ff the Gnoll Shapeshifter began the quest for the Orb.
     0 | D:1      | Reached XP level 1. HP: 17/17 MP: 1/1
   268 | D:1      | Reached XP level 2. HP: 18/23 MP: 2/2
  1193 | D:2      | Reached XP level 3. HP: 24/28 MP: 2/4
  1755 | D:2      | Reached skill level 1 in Invocations
  1795 | D:3      | Noticed Ijyb
  1821 | D:3      | Found Jytuaxt's Antique Weapon Shop.
  1926 | D:3      | Found Mawujuith's Distillery.
  1935 | D:3      | Bought a potion of curing for 39 gold pieces
  1935 | D:3      | Bought a potion of curing for 39 gold pieces
  2282 | D:3      | Found Jych's Book Emporium.
  2336 | D:3      | Reached skill level 1 in Short Blades
  2336 | D:3      | Reached skill level 1 in Long Blades
  2336 | D:3      | Reached skill level 1 in Axes
  2336 | D:3      | Reached skill level 1 in Maces & Flails
  2336 | D:3      | Reached skill level 1 in Polearms
  2336 | D:3      | Reached skill level 1 in Staves
  2336 | D:3      | Reached skill level 1 in Ranged Weapons
  2336 | D:3      | Reached skill level 1 in Throwing
  2336 | D:3      | Reached skill level 1 in Armour
  2336 | D:3      | Reached skill level 1 in Stealth
  2336 | D:3      | Reached skill level 1 in Shields
  2336 | D:3      | Reached skill level 1 in Spellcasting
  2336 | D:3      | Reached skill level 1 in Evocations
  2393 | D:3      | Noticed Jessica
  2741 | D:3      | Found Eralij's Jewellery Shop.
  2813 | D:3      | Reached XP level 4. HP: 23/32 MP: 5/5
  3010 | D:3      | Noticed Terence
  3068 | D:3      | Ijyb changed into Ijyb the centaur
  3068 | D:3      | Noticed Ijyb
  3339 | D:3      | Reached skill level 1 in Conjurations
  3339 | D:3      | Reached skill level 1 in Hexes
  3339 | D:3      | Reached skill level 1 in Summonings
  3339 | D:3      | Reached skill level 1 in Necromancy
  3339 | D:3      | Reached skill level 1 in Translocations
  3339 | D:3      | Reached skill level 1 in Transmutations
  3339 | D:3      | Reached skill level 1 in Fire Magic
  3339 | D:3      | Reached skill level 1 in Ice Magic
  3339 | D:3      | Reached skill level 1 in Air Magic
  3339 | D:3      | Reached skill level 1 in Earth Magic
  3339 | D:3      | Reached skill level 1 in Poison Magic
  3410 | D:3      | Killed Jessica
  3411 | D:3      | Reached XP level 5. HP: 40/40 MP: 5/7
  3460 | D:3      | Killed Terence
  3987 | D:4      | Reached skill level 2 in Invocations
  4499 | D:4      | Reached XP level 6. HP: 47/47 MP: 8/8
  4623 | D:4      | Found a staircase to the Ecumenical Temple.
  4632 | Temple   | Found a transporter.
  4632 | Temple   | Found a transporter.
  4632 | Temple   | Found a transporter.
  4632 | Temple   | Found a transporter.
  4632 | Temple   | Entered the Ecumenical Temple
  4660 | Temple   | Became a worshipper of Makhleb the Destroyer
  4727 | D:4      | Found Busal's Armour Emporium.
  4833 | D:4      | Reached skill level 5 in Dodging
  5221 | D:5      | Entered Level 5 of the Dungeon
  5226 | D:5      | Noticed Sigmund
  5390 | D:3      | Found Jych's Book Emporium.
  5466 | D:3      | Found Eralij's Jewellery Shop.
  5510 | D:3      | Killed Ijyb the centaur
  5647 | D:5      | Reached XP level 7. HP: 50/52 MP: 10/10
  5928 | D:5      | Noticed Menkaure
  5931 | D:5      | Killed Menkaure
  5931 | D:5      | Reached * piety under Makhleb
  5932 | D:5      | Reached skill level 3 in Invocations
  6048 | D:5      | Reached XP level 8. HP: 60/60 MP: 12/12
  6204 | D:5      | Noticed Pikel
  6219 | D:5      | Killed Pikel
  6562 | D:5      | Killed Sigmund
  6563 | D:5      | Reached skill level 4 in Invocations
  7055 | D:6      | Reached XP level 9. HP: 53/66 MP: 14/14
  7482 | D:6      | Learned a level 3 spell: Frozen Ramparts
  7501 | D:6      | Found a shimmering altar of Xom.
  7793 | D:7      | Found an opulent altar of Gozag.
  7794 | D:7      | Found an ancient bone altar of Kikubaaqudgha.
  7810 | D:7      | Reached skill level 5 in Fighting
  7812 | D:7      | Noticed Maggie
  7828 | D:7      | Killed Maggie
  7828 | D:7      | Reached ** piety under Makhleb
  7872 | D:7      | Noticed a kobold demonologist
  7951 | D:7      | Noticed an ice devil
  7953 | D:6      | Noticed a sun demon
  7958 | D:6      | Noticed a smoke demon
  7962 | D:6      | Noticed a hellwing
  7967 | D:6      | Killed a kobold demonologist
  7968 | D:6      | Reached skill level 5 in Invocations
  8132 | D:7      | Noticed a gargoyle
  8141 | D:7      | Killed a gargoyle
  8142 | D:7      | Reached XP level 10. HP: 67/75 MP: 15/17
  8158 | D:7      | Reached skill level 5 in Short Blades
  8158 | D:7      | Reached skill level 5 in Long Blades
  8158 | D:7      | Reached skill level 5 in Axes
  8158 | D:7      | Reached skill level 5 in Maces & Flails
  8158 | D:7      | Reached skill level 5 in Polearms
  8158 | D:7      | Reached skill level 5 in Staves
  8158 | D:7      | Reached skill level 5 in Ranged Weapons
  8158 | D:7      | Reached skill level 5 in Throwing
  8158 | D:7      | Reached skill level 5 in Armour
  8158 | D:7      | Reached skill level 5 in Stealth
  8158 | D:7      | Reached skill level 5 in Shields
  8158 | D:7      | Reached skill level 5 in Spellcasting
  8158 | D:7      | Reached skill level 5 in Evocations
  8177 | D:7      | Noticed a kobold demonologist
  8191 | D:7      | Killed a kobold demonologist
  8258 | D:7      | Identified the +9 flail "Guychuur" {freeze, rF+ Dex+2}
  9053 | D:4      | Bought a +2 helmet for 198 gold pieces
  9213 | D:8      | Identified the +8 chain mail of Ryuhoox {Harm}
  9607 | D:8      | Found Paekka's Distillery.
  9621 | D:8      | Bought a potion of berserk rage for 65 gold pieces
 10032 | D:9      | Found Cymof's Tiny Tomes.
 10308 | D:9      | Reached skill level 6 in Invocations
 10424 | D:9      | Reached *** piety under Makhleb
 11126 | D:9      | Paralysed by a hornet for 3 turns
 11139 | D:9      | Reached XP level 11. HP: 46/83 MP: 19/19
 11500 | D:9      | Noticed Maurice
 11509 | D:9      | Killed Maurice
 11510 | D:9      | Reached skill level 5 in Conjurations
 11510 | D:9      | Reached skill level 5 in Hexes
 11510 | D:9      | Reached skill level 5 in Summonings
 11510 | D:9      | Reached skill level 5 in Necromancy
 11510 | D:9      | Reached skill level 5 in Translocations
 11510 | D:9      | Reached skill level 5 in Transmutations
 11510 | D:9      | Reached skill level 5 in Fire Magic
 11510 | D:9      | Reached skill level 5 in Ice Magic
 11510 | D:9      | Reached skill level 5 in Air Magic
 11510 | D:9      | Reached skill level 5 in Earth Magic
 11510 | D:9      | Reached skill level 5 in Poison Magic
 11621 | D:9      | Learned a level 3 spell: Tukima's Dance
 11652 | D:10     | Entered Level 10 of the Dungeon
 11687 | D:10     | Noticed Nergalle
 11824 | D:10     | Found a staircase to the Orcish Mines.
 11832 | D:10     | Reached **** piety under Makhleb
 11904 | D:10     | Found a staircase to the Lair.
 12026 | D:10     | Noticed Psyche
 12041 | D:10     | Killed Psyche
 12042 | D:10     | Reached skill level 7 in Invocations
 13051 | D:10     | Killed Nergalle
 13275 | D:11     | Noticed a boulder beetle
 13440 | D:11     | Killed a boulder beetle
 13441 | D:11     | Reached XP level 12. HP: 76/91 MP: 22/22
 13694 | D:11     | Noticed a boulder beetle
 13701 | D:11     | Killed a boulder beetle
 13915 | D:11     | Noticed a boulder beetle
 13929 | D:11     | Killed a boulder beetle
 14451 | D:12     | Reached skill level 8 in Invocations
 14912 | D:12     | Noticed a two-headed ogre
 14918 | D:12     | Killed a two-headed ogre
 14919 | D:12     | Reached skill level 10 in Unarmed Combat
 15300 | Lair:1   | Entered Level 1 of the Lair of Beasts
 15320 | Lair:1   | Noticed a boulder beetle
 15804 | Lair:1   | Reached ***** piety under Makhleb
 15863 | Lair:1   | Killed a boulder beetle
 16377 | Lair:2   | Noticed a six-headed hydra
 16399 | Lair:2   | Killed a six-headed hydra
 16400 | Lair:2   | Reached XP level 13. HP: 72/99 MP: 18/25
 16538 | Lair:2   | Reached skill level 10 in Shapeshifting
 16676 | Lair:2   | Reached skill level 9 in Invocations
 16942 | Lair:2   | Found a staircase to the Snake Pit.
 17726 | Lair:3   | Found a staircase to the Swamp.
 19782 | Lair:5   | Entered Level 5 of the Lair of Beasts
 19782 | Lair:5   | Found a gate leading to a gauntlet.
 19795 | Gauntlet | Entered a Gauntlet
 19795 | Gauntlet | Found a transporter.
 19795 | Gauntlet | Found a transporter.
 19797 | Gauntlet | Found a transporter.
 19798 | Gauntlet | Found a transporter.
 19855 | Gauntlet | Found a transporter.
 19859 | Gauntlet | Found a transporter.
 19874 | Gauntlet | Found a transporter.
 19891 | Gauntlet | Identified the ring "Asom" {Wiz rC+ Slay+4}
 19957 | Gauntlet | Reached skill level 10 in Dodging
 19959 | Gauntlet | Found a transporter.
 19960 | Gauntlet | Found a transporter.
 19973 | Gauntlet | Noticed a quicksilver ooze
 19979 | Gauntlet | Found a runed translucent gate.
 19979 | Gauntlet | Found a runed translucent gate.
 19979 | Gauntlet | Found a runed translucent gate.
 19982 | Gauntlet | Found a transporter.
 19996 | Gauntlet | Found a transporter.
 20011 | Gauntlet | Found a transporter.
 20016 | Gauntlet | Killed a quicksilver ooze
 20143 | Gauntlet | Found a transporter.
 20145 | Gauntlet | Identified the +1 bardiche of the Abyss {holy, rN+}
 20145 | Gauntlet | Identified the +6 shortbow "Tawnuqeg" {elec, MP+9 Dex+3
                  | Stlth-}
 20145 | Gauntlet | Noticed a minotaur
 20156 | Gauntlet | Killed a minotaur
 20186 | Gauntlet | Identified the +0 robe of the Shining One {Rampage rN+++
                  | Int-4 Dex-4}
 20189 | Gauntlet | Got the Papyrus of the Flock
 20192 | Gauntlet | Got Sif Muna's Elucidation of Relocation
 20250 | Lair:5   | Found the +7 Spriggan's Knife {stab, EV+4 Stlth+}
 20276 | Lair:5   | Found a dark tunnel.
 20294 | Volcano  | Entered a volcano
 20325 | Volcano  | Reached XP level 14. HP: 108/108 MP: 25/27
 20580 | Volcano  | Learned a level 2 spell: Blink
 20584 | Volcano  | Learned a level 3 spell: Confusing Touch
 20888 | Lair:5   | Reached ****** piety under Makhleb
 20923 | Lair:5   | Reached skill level 10 in Invocations
 21446 | Lair:5   | Found a staircase to the Slime Pits.
 22205 | Lair:5   | Reached skill level 10 in Fighting
 22493 | Lair:5   | Learned a level 4 spell: Dispel Undead
 22498 | Lair:5   | Learned a level 4 spell: Summon Ice Beast
 23019 | Orc:1    | Entered Level 1 of the Orcish Mines
 23446 | Orc:2    | Entered Level 2 of the Orcish Mines
 23482 | Orc:2    | Found Onach's Armour Boutique.
 23539 | Orc:2    | Bought the +4 buckler "Sumi" {Rampage Regen+} for 535 gold
                  | pieces
 23886 | Orc:2    | Noticed Azrael
 23897 | Orc:2    | Killed Azrael
 23903 | Orc:2    | Reached XP level 15. HP: 98/115 MP: 23/28
 24132 | Orc:2    | Found a staircase to the Elven Halls.
 24350 | Orc:2    | Reached skill level 10 in Short Blades
 24350 | Orc:2    | Reached skill level 10 in Long Blades
 24350 | Orc:2    | Reached skill level 10 in Axes
 24350 | Orc:2    | Reached skill level 10 in Maces & Flails
 24350 | Orc:2    | Reached skill level 10 in Polearms
 24350 | Orc:2    | Reached skill level 10 in Staves
 24350 | Orc:2    | Reached skill level 10 in Ranged Weapons
 24350 | Orc:2    | Reached skill level 10 in Throwing
 24350 | Orc:2    | Reached skill level 10 in Armour
 24350 | Orc:2    | Reached skill level 10 in Stealth
 24350 | Orc:2    | Reached skill level 10 in Shields
 24350 | Orc:2    | Reached skill level 10 in Spellcasting
 24350 | Orc:2    | Reached skill level 10 in Evocations
 24553 | Orc:2    | Reached skill level 11 in Invocations
 24960 | Orc:2    | Found Usony's General Store.
 24960 | Orc:2    | Found Kuurev's Book Shop.
 24961 | Orc:2    | Found Lagag's General Store.
 24961 | Orc:2    | Found Ecaercho's Book Shop.
 24971 | Orc:2    | Bought a phial of floods for 640 gold pieces
 24971 | Orc:2    | Bought a throwing net for 48 gold pieces
 25004 | Orc:2    | Learned a level 5 spell: Alistair's Intoxication
 25009 | Orc:2    | Learned a level 4 spell: Petrify
 25857 | D:14     | Found a flickering gateway to a bazaar.
 25888 | Bazaar   | Entered a bazaar
 25890 | Bazaar   | Found Jaeguwke's Magic Scroll Boutique.
 25894 | Bazaar   | Found Hiuw's Assorted Antiques.
 25894 | Bazaar   | Found Kaojoywn's Weapon Boutique.
 25895 | Bazaar   | Found Tithu's Antique Armour Boutique.
 25930 | Bazaar   | Bought a scroll of enchant weapon for 90 gold pieces
 25930 | Bazaar   | Bought a scroll of identify for 24 gold pieces
 25930 | Bazaar   | Bought a scroll of poison for 48 gold pieces
 25930 | Bazaar   | Bought a scroll of fog for 48 gold pieces
 25930 | Bazaar   | Bought a scroll of vulnerability for 48 gold pieces
 25930 | Bazaar   | Bought 3 scrolls of teleportation for 108 gold pieces
 25930 | Bazaar   | Bought a scroll of immolation for 48 gold pieces
 25930 | Bazaar   | Bought a scroll of poison for 48 gold pieces
 26260 | D:14     | Found an ancient bone altar of Kikubaaqudgha.
 27041 | D:14     | Got Xib Ruuz's Anthology of the Glacier
 27046 | D:14     | Found a gate to the Vaults.
 27450 | D:14     | Noticed Jorgrun
 27464 | D:14     | Killed Jorgrun
 27588 | D:15     | Entered Level 15 of the Dungeon
 27603 | D:15     | Noticed Nessos
 27807 | D:15     | Found a staircase to the Depths.
 27824 | D:15     | Reached XP level 16. HP: 125/125 MP: 30/30
 27875 | D:15     | Killed Nessos
 28237 | D:15     | Identified the +3 ring mail "Myukuusko" {rN+}
 28378 | D:15     | Learned a level 5 spell: Borgnjor's Vile Clutch
 28560 | D:8      | Learned a level 5 spell: Yara's Violent Unravelling
 28705 | Snake:1  | Entered Level 1 of the Snake Pit
 28813 | Snake:1  | Identified the +12 long sword of Tomootz {freeze, rC+ Will-
                  | Dex+8 SInv}
 29070 | Snake:1  | Found a runed translucent door.
 29075 | Snake:1  | Noticed littlecub's ghost (journeyman DsGl)
 29310 | Snake:1  | Reached skill level 12 in Invocations
 29693 | Snake:1  | Killed littlecub's ghost
 29982 | Snake:2  | Noticed a nagaraja
 30031 | Snake:2  | Found a transporter.
 30053 | Snake:2  | Noticed Punaxali's ghost (journeyman MiBe)
 30132 | Snake:2  | Found a transporter.
 30243 | Snake:2  | Killed a nagaraja
 30671 | Snake:3  | Found a huge runed translucent gate.
 30671 | Snake:3  | Found a huge runed translucent gate.
 31467 | Snake:3  | Reached XP level 17. HP: 133/133 MP: 32/32
 31509 | Snake:3  | Found a huge runed translucent gate.
 31510 | Snake:3  | Found a huge runed translucent gate.
 31510 | Snake:3  | Found a huge runed translucent gate.
 32137 | D:8      | Learned a level 5 spell: Irradiate
 32533 | Snake:3  | Found Raiw's Assorted Antiques.
 32793 | Snake:4  | Entered Level 4 of the Snake Pit
 32793 | Snake:4  | Found Offo's General Store.
 32836 | Snake:4  | Reached skill level 10 in Conjurations
 32836 | Snake:4  | Reached skill level 10 in Hexes
 32836 | Snake:4  | Reached skill level 10 in Summonings
 32836 | Snake:4  | Reached skill level 10 in Necromancy
 32836 | Snake:4  | Reached skill level 10 in Translocations
 32836 | Snake:4  | Reached skill level 10 in Transmutations
 32836 | Snake:4  | Reached skill level 10 in Fire Magic
 32836 | Snake:4  | Reached skill level 10 in Ice Magic
 32836 | Snake:4  | Reached skill level 10 in Air Magic
 32836 | Snake:4  | Reached skill level 10 in Earth Magic
 32836 | Snake:4  | Reached skill level 10 in Poison Magic
 33399 | Snake:4  | Reached skill level 13 in Invocations
 34155 | Snake:4  | Learned a level 1 spell: Apportation
 34760 | Snake:4  | Reached XP level 18. HP: 118/141 MP: 19/34
 35544 | Snake:4  | Got a serpentine rune of Zot
 35944 | Snake:2  | Killed Punaxali's ghost
 35946 | Snake:2  | Identified the +1 pair of gloves "Jullux" {Dex+2}
 36152 | Snake:4  | Learned a level 5 spell: Summon Mana Viper
 36155 | Snake:4  | Learned a level 2 spell: Passwall
 36294 | Swamp:1  | Entered Level 1 of the Swamp
 36294 | Swamp:1  | Found a radiant altar of Vehumet.
 36303 | Swamp:1  | Noticed Aizul
 36446 | Swamp:1  | Killed Aizul
 36449 | Swamp:1  | Identified the +5 dagger "Satuocar" {freeze, rPois rCorr
                  | Int+3}
 36824 | Snake:3  | Bought a scroll of amnesia for 80 gold pieces
 36829 | Snake:3  | Learned a level 3 spell: Dazzling Flash
 37628 | Swamp:1  | Identified the +7 great sword "Zeseecwa" {flame, rC+ rN+
                  | Str-3 Int+3}
 39446 | Swamp:3  | Reached skill level 14 in Invocations
 39835 | Swamp:3  | Noticed a tentacled monstrosity
 39839 | Swamp:3  | Reached XP level 19. HP: 149/149 MP: 36/36
 39863 | Swamp:3  | Killed a tentacled monstrosity
 41433 | Swamp:4  | Entered Level 4 of the Swamp
 41641 | Swamp:4  | Identified the +10 sling "Beetlebane" {elec, rF+ Will+}
 42331 | Swamp:4  | Got a decaying rune of Zot
 42889 | Elf:1    | Entered Level 1 of the Elven Halls
 42978 | Elf:1    | Identified a scroll of acquirement
 43001 | Elf:1    | Acquired 1003 gold pieces
 43984 | Elf:2    | Reached skill level 15 in Unarmed Combat
 44290 | Elf:2    | Reached XP level 20. HP: 158/158 MP: 37/37
 44452 | Elf:2    | Noticed Donald
 44453 | Elf:2    | Identified the +6 mace of Kuesept {heavy, rElec rN+ Will+}
 44455 | Elf:2    | Killed Donald
 44459 | Elf:2    | Found a runed translucent gate.
 44459 | Elf:2    | Found a runed translucent gate.
 44459 | Elf:2    | Found a runed translucent gate.
 44472 | Elf:2    | Identified the +4 mace of the Foremost Visions {freeze,
                  | *Corrode rPois Str+4 Dex+3}
 45285 | Elf:2    | Reached skill level 15 in Invocations
 46988 | Elf:3    | Entered Level 3 of the Elven Halls
 47122 | Elf:3    | Learned a level 6 spell: Leda's Unmaking
 47500 | Orc:2    | Bought a scroll of brand weapon for 152 gold pieces
 49847 | Elf:3    | Identified the orb of the Tundras {*Rage, Str+2}
 49859 | Elf:3    | Identified the +7 mace of Wiamyeq {venom, Int+6}
 49866 | Elf:3    | Identified the +5 rapier of Ancient Evil {venom, Str+3}
 50417 | Elf:3    | Identified the +2 hand axe of the Endless Youths {drain,
                  | rElec rF+++ rN+ Int-5}
 50993 | Elf:3    | Identified the staff of the Philosopher {Fragile rPois rC++
                  | rN+ Poison}
 51000 | Elf:3    | Got the Meditations on Interference and Orientation
 51005 | Elf:3    | Identified the +1 pair of boots of Pragmatism {rPois Will-
                  | Regen+}
 51026 | Elf:3    | Got the Catalogue of Collective Black Deeds
 51417 | Vaults:1 | Entered Level 1 of the Vaults
 51646 | Vaults:1 | Reached skill level 15 in Dodging
 51915 | Vaults:1 | Reached XP level 21. HP: 166/166 MP: 39/39
 51937 | Vaults:1 | Paralysed by a formless jellyfish for 1 turns
 53479 | Vaults:1 | Found Neruxis's Jewellery Boutique.
 53490 | Vaults:1 | Bought a ring of willpower for 450 gold pieces
 54162 | Vaults:2 | Found a staircase to the Crypt.
 54401 | Vaults:2 | Reached skill level 16 in Invocations
 54416 | Vaults:2 | Reached skill level 15 in Fighting
 54436 | Vaults:2 | Reached skill level 15 in Shapeshifting
 56278 | Vaults:3 | Reached skill level 15 in Short Blades
 56278 | Vaults:3 | Reached skill level 15 in Long Blades
 56278 | Vaults:3 | Reached skill level 15 in Axes
 56278 | Vaults:3 | Reached skill level 15 in Maces & Flails
 56278 | Vaults:3 | Reached skill level 15 in Polearms
 56278 | Vaults:3 | Reached skill level 15 in Staves
 56278 | Vaults:3 | Reached skill level 15 in Ranged Weapons
 56278 | Vaults:3 | Reached skill level 15 in Throwing
 56278 | Vaults:3 | Reached skill level 15 in Armour
 56278 | Vaults:3 | Reached skill level 15 in Stealth
 56278 | Vaults:3 | Reached skill level 15 in Shields
 56278 | Vaults:3 | Reached skill level 15 in Spellcasting
 56278 | Vaults:3 | Reached skill level 15 in Evocations
 56887 | Vaults:3 | Reached XP level 22. HP: 175/175 MP: 35/41
 56971 | Vaults:3 | Identified the +5 sling of Unpleasantness {freeze, Contam
                  | +Blink rPois rC+}
 58448 | Vaults:3 | Acquired 854 gold pieces
 59197 | Vaults:4 | Noticed Saint Roka
 59448 | Vaults:4 | Noticed Xtahua
 59449 | Vaults:4 | Killed Xtahua
 61182 | Vaults:4 | Killed Saint Roka
 62119 | Orc:2    | Bought a book of the Earth for 576 gold pieces
 62125 | Orc:2    | Learned a level 5 spell: Lee's Rapid Deconstruction
 62415 | Crypt:1  | Entered Level 1 of the Crypt
 64930 | Crypt:1  | Reached skill level 17 in Invocations
 65070 | Crypt:1  | Reached XP level 23. HP: 180/180 MP: 25/42
 65138 | Crypt:1  | Identified the ring of Akhosig {rF+ Will+ Dex+3}
 65980 | Crypt:1  | Identified the staff "Mano" {Fly rElec Air}
 66929 | Crypt:2  | Found a huge runed translucent gate.
 66929 | Crypt:2  | Found a huge runed translucent gate.
 66929 | Crypt:2  | Found a huge runed translucent gate.
 66930 | Crypt:2  | Found a huge runed translucent gate.
 66930 | Crypt:2  | Found a huge runed translucent gate.
 66931 | Crypt:2  | Found a huge runed translucent gate.
 66931 | Crypt:2  | Found a huge runed translucent gate.
 66933 | Crypt:2  | Found a huge runed translucent gate.
 66933 | Crypt:2  | Found a huge runed translucent gate.
 67541 | Crypt:2  | Identified the +0 great mace "Zepoibb" {flame, Dex+4}
 67838 | Crypt:3  | Entered Level 3 of the Crypt
 67890 | Crypt:3  | Learned a level 2 spell: Sublimation of Blood
 68342 | Crypt:3  | Found a basalt altar of Yredelemnul.
 69041 | Crypt:3  | Identified the +0 ring mail of Arung {rPois Dex+2}
 69527 | Crypt:3  | Found a staircase to the Tomb.
 69581 | Crypt:3  | Found the +6 Majin-Bo {spellvamp, MP+6 Int+6}
 70106 | Depths:1 | Entered Level 1 of the Depths
 70287 | Depths:1 | Found a one-way gateway to a ziggurat.
 70315 | Depths:1 | Reached XP level 24. HP: 193/193 MP: 19/43
 70439 | Depths:1 | Identified the +0 robe "Cedyfue" {Will+ Str+3 Int+4}
 71043 | Depths:1 | Found a gateway to Hell.
 72022 | Depths:2 | Noticed Vv
 72117 | Depths:2 | Noticed a dread lich
 72128 | Depths:2 | Killed a dread lich
 72669 | Depths:2 | Found a one-way gate leading to the halls of Pandemonium.
 72939 | Depths:2 | Killed Vv
 72940 | Depths:2 | Reached skill level 18 in Invocations
 73152 | Depths:2 | Found a one-way gate to the infinite horrors of the Abyss.
 73526 | Depths:3 | Noticed Louise
 73549 | Depths:3 | Killed Louise
 73560 | Depths:3 | Found a flickering gateway to a bazaar.
 73569 | Bazaar   | Entered a bazaar
 73697 | Bazaar   | Found Kyvu's Book Boutique.
 73697 | Bazaar   | Found Jafihagh's General Store.
 73756 | Bazaar   | Found Xumoywn's Antique Weapon Boutique.
 73756 | Bazaar   | Found Ivaonyr's Jewellery Shop.
 73808 | Bazaar   | Bought a scroll of vulnerability for 40 gold pieces
 73808 | Bazaar   | Bought a scroll of teleportation for 30 gold pieces
 73877 | Depths:3 | Found a portal to a secret trove of treasure.
 74265 | Depths:3 | Found Qeassoda's Jewellery Shoppe.
 74265 | Depths:3 | Found Vuewk's Book Boutique.
 74266 | Depths:3 | Found Jituos's Jewellery Shoppe.
 74268 | Depths:3 | Noticed Mara
 74275 | Depths:3 | Killed Mara
 74755 | Depths:3 | Noticed a juggernaut
 74755 | Depths:3 | Identified the ring of the Queen {Fly Dex+2}
 74762 | Depths:3 | Killed a juggernaut
 75705 | Depths:4 | Entered Level 4 of the Depths
 75927 | Depths:4 | Noticed a caustic shrike
 75931 | Depths:4 | Noticed a caustic shrike
 75932 | Depths:4 | Noticed a caustic shrike
 75932 | Depths:4 | Noticed a caustic shrike
 75933 | Depths:4 | Noticed a caustic shrike
 75938 | Depths:4 | Killed a caustic shrike
 75939 | Depths:4 | Killed a caustic shrike
 75943 | Depths:4 | Killed a caustic shrike
 75944 | Depths:4 | Reached XP level 25. HP: 201/201 MP: 23/44
 76801 | Depths:4 | Identified the +0 battleaxe of an ice cave {freeze, rCorr
                  | Str-2 SInv}
 78176 | Depths:4 | Identified the +5 scale mail of Bimifeil {Int+4 Dex+2}
 78178 | Depths:4 | Found a gate to the Realm of Zot.
 78357 | Depths:4 | Identified the +0 leather armour of Okawaru, Hugging {Fly
                  | Regen+ Dex-2 Slay-6}
 78599 | Depths:4 | Found a stormy altar of Qazlal.
 78861 | Depths:4 | Found a gate to the Realm of Zot.
 79340 | Depths:4 | Found a stormy altar of Qazlal.
 80065 | Elf:1    | Learned a level 7 spell: Enfeeble
 80356 | Slime:1  | Entered Level 1 of the Pits of Slime
 81107 | Slime:2  | Gained mutation: You occasionally shout uncontrollably at
                  | your foes. [a shining eye]
 81582 | Slime:1  | You fall into a shaft and drop 1 floor!
 81978 | Slime:2  | Reached skill level 19 in Invocations
 82405 | Slime:3  | Gained mutation: You occasionally lose the ability to read
                  | scrolls when taking damage. [a shining eye]
 82560 | Slime:3  | Reached skill level 15 in Conjurations
 82560 | Slime:3  | Reached skill level 15 in Hexes
 82560 | Slime:3  | Reached skill level 15 in Summonings
 82560 | Slime:3  | Reached skill level 15 in Necromancy
 82560 | Slime:3  | Reached skill level 15 in Translocations
 82560 | Slime:3  | Reached skill level 15 in Transmutations
 82560 | Slime:3  | Reached skill level 15 in Fire Magic
 82560 | Slime:3  | Reached skill level 15 in Ice Magic
 82560 | Slime:3  | Reached skill level 15 in Air Magic
 82560 | Slime:3  | Reached skill level 15 in Earth Magic
 82560 | Slime:3  | Reached skill level 15 in Poison Magic
 83241 | Slime:4  | Reached XP level 26. HP: 176/211 MP: 12/44
 83632 | Slime:3  | Paralysed by a formless jellyfish for 1 turns
 83648 | Slime:3  | Paralysed by a formless jellyfish for 1 turns
 84117 | Slime:5  | Entered Level 5 of the Pits of Slime
 84458 | Slime:5  | Learned a level 7 spell: Ozocubu's Refrigeration
 85062 | Slime:5  | Gained mutation: Your flesh is heat resistant. (rF+) [a
                  | shining eye]
 86493 | Slime:5  | Noticed the Royal Jelly
 87515 | Slime:5  | the Royal Jelly changed into a quicksilver ooze shaped
                  | Royal Jelly
 87515 | Slime:5  | Noticed a quicksilver ooze shaped Royal Jelly
 87518 | Slime:5  | Found a viscous altar of Jiyva.
 88084 | Slime:5  | Killed a quicksilver ooze shaped Royal Jelly
 88968 | Slime:5  | Identified the +1 ring mail "Hulivod" {rC+ Regen+ Dex+2}
 88975 | Slime:5  | Identified the amulet of Dithmenos's Envy {Acrobat rElec
                  | Int+3 Dex-5}
 88997 | Slime:5  | Got a slimy rune of Zot
 89001 | Slime:5  | Identified the +1 robe "Uxtus Ratso" {Archmagi}
 89009 | Slime:5  | Identified the ring of Gluttony {rPois Will+ rCorr}
 89012 | Slime:5  | Got Ebuit's Octavo of the Thoughtful Tables
 89033 | Slime:5  | Identified the staff "Qeufohid" {rPois Dex+3 Poison}
 89037 | Slime:5  | Identified the +5 chain mail of Wu Jian's Approval {rPois
                  | Int+3 Dex+4 Stlth-}
 89113 | Slime:5  | Identified the +1 broad axe "Pekkiete" {vamp, *Slow rF+++
                  | rC+ Stlth-}
 89114 | Slime:5  | Identified the +8 scimitar "Kyhouvups" {venom, rElec Will+
                  | MP-9}
 89247 | Slime:5  | Lost mutation: You occasionally lose the ability to read
                  | scrolls when taking damage. [potion of mutation]
 89247 | Slime:5  | Lost mutation: Your flesh is heat resistant. (rF+) [potion
                  | of mutation]
 89247 | Slime:5  | Lost mutation: You occasionally shout uncontrollably at
                  | your foes. [potion of mutation]
 89247 | Slime:5  | Gained mutation: Your spells are a little harder to cast,
                  | but a little more powerful. [potion of mutation]
 89717 | Vaults:5 | Entered Level 5 of the Vaults
 89984 | Vaults:5 | Identified the +1 chain mail of the Kraken {rElec Dex+2}
 89989 | Vaults:5 | Noticed an ancient lich
 89996 | Vaults:5 | Killed an ancient lich
 90350 | Vaults:5 | Gained mutation: You are frail. (-10% HP) [mutagenic glow]
 90815 | Vaults:5 | Noticed an ancient lich
 90824 | Vaults:5 | Reached XP level 27. HP: 197/197 MP: 34/45
 90834 | Vaults:5 | Killed an ancient lich
 91006 | Vaults:5 | Identified the +0 leather armour of Sif Muna's Benevolence
                  | {rElec Will- Int+2}
 91060 | Vaults:5 | Identified the amulet of Soattes {Reflect rCorr Str+3
                  | Slay+2 SH+5}
 91074 | Vaults:5 | Identified the +6 quarterstaff "Concordance" {freeze, rElec
                  | rC+ Str-3 Dex+3}
 91460 | Vaults:5 | Reached skill level 20 in Invocations
 92247 | Vaults:5 | Got Lesuiz's Compendium of Floating Congelation
 92298 | Vaults:5 | Identified the +4 dagger of Tunerygo {protect, Contam
                  | Str+6}
 92303 | Vaults:5 | Got a silver rune of Zot
 92309 | Vaults:5 | Got the Vademecum on Lithomancy and Heat
 92312 | Vaults:5 | Identified the +3 scale mail of the Untouchables {rPois
                  | Stlth+}
 92387 | Vaults:5 | Found Soefuleg's Book Shop.
 92447 | Vaults:5 | Got the Cyclopedia of the Weathered Glacier
 92557 | Vaults:5 | Found the +2 hat of the Bear Spirit {Spirit, Bear, *Rage
                  | Will++}
 92904 | Zig:1    | Entered Level 1 of a ziggurat
 92924 | Zig:1    | Identified the +7 leather armour "Kisenomi" {-Cast +Blink
                  | rPois Slay+6}
 92929 | Zig:2    | Entered Level 2 of a ziggurat
 93062 | Zig:3    | Entered Level 3 of a ziggurat
 93118 | Zig:4    | Entered Level 4 of a ziggurat
 93272 | Zig:4    | Identified the +1 demon blade of the Shimmering Gods
                  | {flame, rN+ Int-3 Dex+3}
 93275 | Zig:5    | Entered Level 5 of a ziggurat
 93281 | Zig:5    | Gained mutation: You are dopey. (Int -2) [a shining eye]
 93359 | Zig:6    | Entered Level 6 of a ziggurat
 93366 | Zig:6    | Noticed a dread lich
 93372 | Zig:6    | Killed a dread lich
 93391 | Zig:7    | Entered Level 7 of a ziggurat
 93401 | Zig:7    | Paralysed by a wendigo for 1 turns
 93420 | Depths:1 | Lost mutation: Your spells are a little harder to cast, but
                  | a little more powerful. [potion of mutation]
 93420 | Depths:1 | Lost mutation: You are frail. (-10% HP) [potion of
                  | mutation]
 93420 | Depths:1 | Gained mutation: Your spells are a little harder to cast,
                  | but a little more powerful. [potion of mutation]
 93420 | Depths:1 | Gained mutation: You possess an exceptional clarity of
                  | mind. [potion of mutation]
 93786 | Vaults:1 | Bought an amulet of faith for 720 gold pieces
 94008 | Zot:1    | Entered Level 1 of the Realm of Zot
 97413 | Zot:5    | Entered Level 5 of the Realm of Zot
 98872 | Zot:5    | Noticed a dread lich
 98901 | Zot:5    | Noticed a dread lich
 99189 | Zot:5    | Noticed an orb of fire
 99318 | Zot:5    | Noticed an orb of fire
 99329 | Zot:5    | Gained mutation: Your system is resistant to poisons.
                  | (rPois) [an orb of fire]
 99331 | Zot:5    | Gained mutation: Armour fits poorly on your strangely
                  | shaped body. [an orb of fire]
 99338 | Zot:5    | Gained mutation: You are very dopey. (Int -4) [an orb of
                  | fire]
 99341 | Zot:5    | Lost mutation: You possess an exceptional clarity of mind.
                  | [an orb of fire]
 99345 | Zot:5    | Killed an orb of fire
 99370 | Zot:5    | Noticed an orb of fire
 99379 | Zot:5    | Killed an orb of fire
100183 | Zot:5    | Killed a dread lich
100187 | Zot:5    | Killed an orb of fire
100251 | Zot:5    | Noticed a dread lich
100262 | Zot:5    | Killed a dread lich
100263 | Zot:5    | Reached skill level 21 in Invocations
100266 | Zot:5    | Killed a dread lich
100294 | Zot:5    | Identified the +4 chain mail "Qioqyel" {Int+2}
100421 | Zot:5    | Noticed an orb of fire
100490 | Zot:5    | Killed an orb of fire
100526 | Zot:5    | Noticed an orb of fire
100544 | Zot:5    | Got the Orb of Zot
100716 | D:13     | Noticed a seraph
100751 | D:13     | Noticed Gebbic the pandemonium lord
100773 | D:13     | Killed Gebbic the pandemonium lord
101101 | D:$      | Escaped with the Orb!

Illustrated notes

Levels and vault maps discovered:
D:1:      amcnicky_arrival_double_pillar, layout_loops_ring, hex_medium
D:2:      layout_loops_corners
D:3:      layout_rooms, serial_shops, nicolae_shop_real_fake_doors,
          nicolae_lakefront_shop, nicolae_shop_behind_doors, nicolae_shop_trees,
          kennysheep_cluttered_room, uniq_terence, uniq_ijyb, uniq_jessica
D:4:      layout_basic, minmay_temple_entry_fiery, serial_shops,
          nicolae_stop_n_shop_1
D:5:      layout_basic, grunt_decor_fettered, uniq_pikel, uniq_menkaure,
          uniq_sigmund
D:6:      layout_gridville, xom_butterflies
D:7:      minmay_blocky_corners, layout_loops_ring,
          chequers_temple_overflow_statue_of_worship, uniq_maggie
D:8:      layout_basic, serial_shops, nicolae_shop_peninsula
D:9:      layout_cave_pods, grunt_ministairs_14, minmay_hedge_maze,
          nicolae_shop_i_like_small_books_too, uniq_maurice
D:10:     layout_loops_ring, david_lair_generic,
          kennysheep_orc_monster_closet_entryway, uniq_nergalle, uniq_psyche
D:11:     layout_basic
D:12:     layout_long_grid
D:13:     layout_long_grid
D:14:     layout_basic, grunt_vaults_entry_tiered,
          nicolae_kikubaaqudgha_miasma_corner, serial_shops, bzr_entry_lakeside,
          uniq_jorgrun
D:15:     gammafunk_depths_entry_grave, layout_basic, minivault_23, uniq_nessos
Temple:   hellmonk_temple_divided_pantheon
Lair:1:   layout_regular_city
Lair:2:   layout_loops_ring, minmay_snake_entry_guardpost_medium,
          beast_lair_carwin_6
Lair:3:   layout_cave_pods, minmay_swamp_entry_swarm,
          grunt_forest_large_clearings, lemuel_fruit_tree, serial_bayou_shore_a
Lair:4:   layout_regular_city, grunt_megastairs_1, lemuel_fruit_fields
Lair:5:   minmay_lair_end_frog_pond, layout_gridlike,
          minmay_slime_entry_oklob_open, lightli_volcano_entry_magma_tube,
          gauntlet_entry_generic
Swamp:1:  layout_basic_swamp, lemuel_altar_in_water, swamp_pool5,
          grunt_lady_of_the_lake, uniq_aizul
Swamp:2:  layout_falls_marsh, evilmike_swamp_ruin_house_1, swamp_pool1,
          infiniplex_staircase_pool
Swamp:3:  nzn_winding_woodlands_medium [nzn_winding_woodlands_5x5_perimeter,
          nzn_winding_woodlands_5x15_zeroes, nzn_winding_woodlands_hourglass,
          nzn_winding_woodlands_5x5_closed_star,
          nzn_winding_woodlands_center_lodge, nzn_winding_woodlands_5x5_default,
          nzn_winding_woodlands_5x5_cross, nzn_winding_woodlands_5x15_longhouse,
          nzn_winding_woodlands_5x5_open_star], layout_basic_swamp,
          serial_swamp_ruin, hangedman_swamp_ruin_wall,
          evilmike_swamp_ruin_house_4, swamp_pool4, st_shrine_of_shade
Swamp:4:  swamp, layout_basic_swamp, swamp_pool5
Snake:1:  layout_gridlike, hellmonk_ghost_happy_afterlife
Snake:2:  layout_grid_shapes, gammafunk_ghost_berserking_beasts
Snake:3:  layout_misc_corridors, serial_shops, nicolae_shop_stone,
          serial_bayou_ford_a, hangedman_venom_bottle, grunt_megastairs_2
Snake:4:  snake_pit_salamanders_mu, layout_onion_interference, serial_shops,
          shop, grunt_ministairs_4
Slime:1:  layout_caves
Slime:2:  cheibrodos_slime_lost_civilization_1, layout_caves,
          nicolae_slime_rock_hall_of_fame
Slime:3:  layout_caves
Slime:4:  layout_caves, special_room [special_room_jelly], nicolae_slime_barrier
Slime:5:  slime_pit_nicolae_royal_road_to_ruin
Orc:1:    layout_caves
Orc:2:    st_orc_pillars, layout_diamond_mine, basic_altar, serial_shops,
          shop_coins, nicolae_orc_crystal_geode, uniq_azrael
Elf:1:    eino_elf_arrival_sip, layout_rooms, kennysheep_underground_church
Elf:2:    nicolae_elf_blades_splatter_lattice [mumra_blade_entry_bloodbath],
          layout_geoelf_octagon, nicolae_elf_stair_hall, uniq_donald,
          uniq_louise
Elf:3:    minmay_elf_hall_curves, layout_loops_ring, nicolae_letterblocks
          [nicolae_letter_subblock, nicolae_letter_subblock,
          nicolae_letter_subblock, nicolae_letter_subblock,
          nicolae_letter_subblock, nicolae_letter_subblock,
          nicolae_letter_subblock, nicolae_letter_subblock,
          nicolae_letter_subblock, nicolae_letter_subblock,
          nicolae_letter_subblock, nicolae_letter_subblock,
          nicolae_letter_subblock, nicolae_letter_subblock,
          nicolae_letter_subblock, nicolae_letter_subblock,
          nicolae_letter_subblock, nicolae_letter_subblock,
          nicolae_letter_subblock, nicolae_letter_subblock,
          nicolae_letter_subblock, nicolae_letter_subblock,
          nicolae_letter_subblock, nicolae_letter_subblock,
          nicolae_letter_subblock]
Vaults:1: nicolae_vaults_hexular_roomagon, ontoclasm_vaults_ring_square,
          v_misc_30, v_misc_11, nicolae_vaults_puzzle_piece, st_spiral_rooms,
          nicolae_vaults_tetromino_L_2, vaults_mumra_minichess,
          nicolae_vaults_tetromino_L_1, v_pattern_5,
          nicolae_vaults_three_branches, vaults_room_grid,
          nicolae_vaults_double_plus_1, layout_vaults_ring, serial_shops,
          shop_coins
Vaults:2: minmay_crypt_entry_simple_walls, nicolae_vaults_storage_closets_1,
          hangedman_vaults_impose, nicolae_vaults_stepped_doors,
          hangedman_vaults_stagger, nicolae_vaults_what_the_h,
          nicolae_vaults_closet_pinwheel_3, ontoclasm_vaults_pinch,
          hangedman_vaults_cutoff, nicolae_vaults_trapezoid_1,
          ontoclasm_vaults_shout, nicolae_vaults_trapezoid_2,
          nicolae_vaults_tetromino_Z_1, nicolae_vaults_tangram_2,
          ontoclasm_vaults_hangar, layout_vaults_maze_bifur
Vaults:3: v_misc_24, nicolae_vaults_more_shelving_1, hangedman_vaults_slice,
          nicolae_vaults_tetromino_Z_1, vaults_room_semicircle,
          nicolae_vaults_shelves_hall, hangedman_vaults_maws,
          nicolae_vaults_storage_closets_3, layout_vaults_omnigrid
Vaults:4: nicolae_vaults_border_crossing, ontoclasm_vaults_shuriken,
          vaults_room_fours, grunt_vaults_hallway_short, grunt_vaults_focal,
          nicolae_vaults_surprise_closet, nicolae_vaults_octothorpe,
          nicolae_vaults_lightning_bolt, v_misc_22,
          nicolae_vaults_tetromino_T_1, nicolae_vaults_trapezoid_lopsided_2,
          nicolae_vaults_storage_closets_2, nicolae_vaults_fighting_squares,
          layout_vaults_omnicross, uniq_saint_roka, uniq_xtahua
Vaults:5: serial_shops
Crypt:1:  cheibrodos_crypt_draghalla, layout_misc_corridors, st_stairs_10,
          minmay_misc_feat_ornament, grunt_crypt_arrival_webbed
Crypt:2:  cheibrodos_crypt_3hun_7po, layout_chaotic_city
Crypt:3:  grunt_crypt_end_deaths_head
Depths:1: layout_honeycomb, enter_ziggurat_e, hell_entry,
          hangedman_decor_diamond_cutter, roderic_lattice_a,
          chequers_serial_rivers_room_b, ice2_lemuel
Depths:2: minmay_angry_zag, layout_cave_pools, abyss_entry_small_statue_room,
          rand_demon_pan_entry_1, lightli_too_deep,
          serial_sigils_hangedman_clutch, hex_subvault_empty, uniq_vv
Depths:3: grunt_deathspiral_small, layout_basic,
          nicolae_abyss_entry_one_way_or_another, pf_coc_iceberg, enter_trove_2,
          serial_shops, freezing_bzr, hangedman_abyss_or_decor_lesser_grid,
          infiniplex_staircase_zigzag_2, minmay_shop_grove, uniq_mara
Depths:4: lemuel_castle_with_subvaults [lemuel_castle_interior_carwin_3],
          layout_basic, hell_entry, lemuel_tele_altar, abyss_entry,
          grunt_megastairs_3
Zot:1:    layout_gridville
Zot:2:    layout_misc_corridors
Zot:3:    dreamdust_black_sun_cult, layout_cathedral_of_symmetry, uniq_parghit
Zot:4:    layout_onion
Zot:5:    layout_basic, drop_trap, grunt_megastairs_4

Skill      XL: |  1  2  3  4  5  6  7  8  9 10 11 12 13 14 15 16 17 18 19 20 21 22 23 24 25 26 27 |
---------------+----------------------------------------------------------------------------------+-----
Invocations    | 1 2 3 4 5 6 7 8 9 10 11 12 13 14 15 16 17 18 19 21 | 21.1
Short Blades   | 1 2 3 4 5 6 8 9 10 11 12 13 14 15 16 17 18 19 | 19.6
Long Blades    | 1 2 3 4 5 6 8 9 10 11 12 13 14 15 16 17 18 19 | 19.6
Axes           | 1 2 3 4 5 6 8 9 10 11 12 13 14 15 16 17 18 19 | 19.6
Maces & Flails | 1 2 3 4 5 6 8 9 10 11 12 13 14 15 16 17 18 19 | 19.6
Polearms       | 1 2 3 4 5 6 8 9 10 11 12 13 14 15 16 17 18 19 | 19.6
Staves         | 1 2 3 4 5 6 8 9 10 11 12 13 14 15 16 17 18 19 | 19.6
Ranged Weapons | 1 2 3 4 5 6 8 9 10 11 12 13 14 15 16 17 18 19 | 19.6
Throwing       | 1 2 3 4 5 6 8 9 10 11 12 13 14 15 16 17 18 19 | 19.6
Armour         | 1 2 3 4 5 6 8 9 10 11 12 13 14 15 16 17 18 19 | 19.6
Stealth        | 1 2 3 4 5 6 8 9 10 11 12 13 14 15 16 17 18 19 | 19.6
Shields        | 1 2 3 4 5 6 8 9 10 11 12 13 14 15 16 17 18 19 | 19.6
Spellcasting   | 1 2 3 4 5 6 8 9 10 11 12 13 14 15 16 17 18 19 | 19.6
Evocations     | 1 2 3 4 5 6 8 9 10 11 12 13 14 15 16 17 18 19 | 19.6
Conjurations   | 1 2 3 4 5 6 7 8 9 10 11 12 13 14 15 16 | 16.7
Hexes          | 1 2 3 4 5 6 7 8 9 10 11 12 13 14 15 16 | 16.7
Summonings     | 1 2 3 4 5 6 7 8 9 10 11 12 13 14 15 16 | 16.7
Necromancy     | 1 2 3 4 5 6 7 8 9 10 11 12 13 14 15 16 | 16.7
Translocations | 1 2 3 4 5 6 7 8 9 10 11 12 13 14 15 16 | 16.7
Transmutations | 1 2 3 4 5 6 7 8 9 10 11 12 13 14 15 16 | 16.7
Fire Magic     | 1 2 3 4 5 6 7 8 9 10 11 12 13 14 15 16 | 16.7
Ice Magic      | 1 2 3 4 5 6 7 8 9 10 11 12 13 14 15 16 | 16.7
Air Magic      | 1 2 3 4 5 6 7 8 9 10 11 12 13 14 15 16 | 16.7
Earth Magic    | 1 2 3 4 5 6 7 8 9 10 11 12 13 14 15 16 | 16.7
Poison Magic   | 1 2 3 4 5 6 7 8 9 10 11 12 13 14 15 16 | 16.7
Fighting       | 3 4 5 6 7 8 9 10 11 12 13 14 15 16 17 18 19 | 19.7
Dodging        | 5 6 7 8 9 10 11 12 13 14 15 16 17 18 20 | 20.0
Unarmed Combat | 7 8 9 10 11 12 13 14 15 16 17 18 19 20 | 20.4
Shapeshifting  | 7 8 9 10 11 12 13 14 15 16 17 18 19 | 19.1

Action                     |  1- 3 |  4- 6 |  7- 9 | 10-12 | 13-15 | 16-18 | 19-21 | 22-24 | 25-27 || total
---------------------------+-------+-------+-------+-------+-------+-------+-------+-------+-------++-------
  Melee: Unarmed           |    42 |    11 |     5 |     9 |       |       |       |       |       ||    67
         Bite              |     4 |     6 |    26 |    63 |   141 |   128 |   230 |   267 |   267 ||  1132
         Punch             |     2 |     3 |    14 |    31 |    45 |       |       |       |       ||    95
         Dagger            |     1 |    61 |   215 |    68 |     5 |       |       |       |       ||   350
         Flail             |       |       |       |   300 |    38 |       |       |       |       ||   338
         Demon blade       |       |       |       |    85 |   888 |   686 |    16 |   282 |   608 ||  2565
         Knife             |       |       |       |       |    39 |   151 |  1110 |   902 |   660 ||  2862
         Staff             |       |       |       |       |       |       |       |     2 |       ||     2
   Fire: Sling             |    32 |       |       |       |       |       |       |       |       ||    32
  Throw: Stone             |     3 |     7 |     9 |     5 |       |       |       |       |       ||    24
         Dart              |       |       |     1 |    42 |    13 |     3 |     1 |       |    59 ||   119
         Boomerang         |       |       |       |    79 |   118 |   150 |   104 |   169 |    15 ||   635
         Throwing net      |       |       |       |     1 |     1 |     1 |     5 |     1 |     2 ||    11
         Javelin           |       |       |       |       |    31 |     2 |    25 |       |     2 ||    60
   Cast: Frozen Ramparts   |       |       |       |    21 |    74 |    63 |     2 |       |       ||   160
         Summon Ice Beast  |       |       |       |       |     9 |     3 |       |       |       ||    12
         Confusing Touch   |       |       |       |       |     2 |       |       |       |       ||     2
         Irradiate         |       |       |       |       |       |    70 |   160 |   123 |   129 ||   482
         Alistair's Intoxi |       |       |       |       |       |     3 |       |       |       ||     3
         Blink             |       |       |       |       |       |     1 |       |     4 |    11 ||    16
         Petrify           |       |       |       |       |       |     1 |       |       |       ||     1
         Dazzling Flash    |       |       |       |       |       |    71 |    45 |   128 |    64 ||   308
         Borgnjor's Vile C |       |       |       |       |       |       |    94 |    58 |    26 ||   178
         Apportation       |       |       |       |       |       |       |     1 |     2 |    28 ||    31
         Leda's Unmaking   |       |       |       |       |       |       |    50 |    51 |   105 ||   206
         Yara's Violent Un |       |       |       |       |       |       |    25 |    13 |    33 ||    71
         Passwall          |       |       |       |       |       |       |     1 |     1 |     3 ||     5
         Dispel Undead     |       |       |       |       |       |       |    19 |    82 |    27 ||   128
         Lee's Rapid Decon |       |       |       |       |       |       |       |    49 |    22 ||    71
         Sublimation of Bl |       |       |       |       |       |       |       |    11 |    49 ||    60
         Ozocubu's Refrige |       |       |       |       |       |       |       |       |   104 ||   104
         Enfeeble          |       |       |       |       |       |       |       |       |   146 ||   146
 Invoke: Minor Destruction |       |       |       |       |     6 |       |       |       |       ||     6
         Major Destruction |       |       |       |       |    14 |       |       |       |       ||    14
         Lesser Servant of |       |       |       |       |     5 |       |       |       |       ||     5
         Greater Servant o |       |       |       |       |       |       |       |     1 |     4 ||     5
Ability: Begin Untransform |       |       |       |     2 |       |       |       |       |       ||     2
  Evoke: Wand              |       |     1 |    10 |    18 |    14 |    18 |    16 |     7 |    40 ||   124
         Phial of floods   |       |       |       |       |     1 |     2 |     2 |       |     1 ||     6
         Phantom mirror    |       |       |       |       |       |     1 |     1 |     2 |     3 ||     7
         Lightning rod     |       |       |       |       |       |       |    24 |    16 |    18 ||    58
         Sack of spiders   |       |       |       |       |       |       |       |       |     2 ||     2
    Use: Scroll            |       |       |     6 |    15 |    18 |    15 |     6 |    12 |    16 ||    88
         Potion            |       |       |     5 |       |     7 |     7 |     3 |     5 |    20 ||    47
   Stab: Sleeping          |     1 |     4 |       |     3 |     8 |    28 |    44 |    49 |    27 ||   164
         Paralysed         |       |       |     2 |    29 |     9 |     1 |       |       |     2 ||    43
         Held in net/web   |       |       |       |     1 |     2 |     1 |       |     1 |     1 ||     6
         Distracted        |       |       |       |     1 |     9 |    11 |    10 |    28 |    37 ||    96
         Invisible         |       |       |       |       |     8 |    39 |    32 |    77 |   142 ||   298
         Confused          |       |       |       |       |     1 |       |       |       |     1 ||     2
         Petrifying        |       |       |       |       |       |     1 |       |       |       ||     1
         Fleeing           |       |       |       |       |       |       |       |     1 |       ||     1
 Armour: Animal skin       |    24 |       |       |       |       |       |       |       |       ||    24
         Leather armour    |       |    27 |       |       |       |       |       |       |       ||    27
         Scale mail        |       |    15 |   136 |   351 |   159 |       |       |       |       ||   661
         Skin              |       |       |    15 |     7 |       |       |       |       |       ||    22
         Quicksilver drago |       |       |       |       |   460 |   577 |   712 |   809 |   817 ||  3375
  Dodge: Dodged            |    20 |    26 |    91 |   256 |   652 |   432 |  1032 |   982 |   985 ||  4476
  Block: Buckler           |       |       |       |       |   198 |   452 |   684 |   799 |   767 ||  2900
   Form: Flux              |     1 |       |       |     1 |       |       |       |       |       ||     2
         Beast             |     1 |       |       |       |       |       |       |       |       ||     1

Table legend: (Time is in decaauts)
 A = Elapsed time spent in this place.
 B = Non-inter-level travel time spent in this place.
 C = Inter-level travel time spent in this place.
 D = Time resting spent in this place.
 E = Time spent auto-exploring this place.
 F = Levels seen in this place.
 G = Mean time per level.
                   A        B        C        D        E       F      G
               +--------+--------+--------+--------+--------+-----+--------+
         Total |  99186 |  88352 |  10834 |  12319 |  55961 |  67 | 1480.4 |
       Dungeon |  20764 |  17318 |   3446 |   2617 |  10505 |  15 | 1384.3 |
        Temple |     41 |     22 |     19 |      0 |      0 |   1 |   41.0 |
          Lair |   8240 |   6910 |   1330 |    169 |   4990 |   5 | 1648.0 |
         Swamp |   6162 |   5884 |    278 |    466 |   4191 |   4 | 1540.5 |
     Snake Pit |   7267 |   6370 |    897 |    998 |   3451 |   4 | 1816.8 |
    Slime Pits |   8161 |   7631 |    530 |   2786 |   3535 |   5 | 1632.2 |
  Orcish Mines |   2407 |   1897 |    510 |    154 |    995 |   2 | 1203.5 |
   Elven Halls |   7915 |   7274 |    641 |   2650 |   3282 |   3 | 2638.3 |
        Vaults |  14702 |  12916 |   1786 |    733 |   9871 |   5 | 2940.4 |
         Crypt |   6976 |   6640 |    336 |    507 |   4549 |   3 | 2325.3 |
        Depths |   9077 |   8265 |    812 |    263 |   6421 |   4 | 2269.2 |
           Zot |   5957 |   5713 |    244 |    838 |   3424 |   5 | 1191.4 |
      Ziggurat |    465 |    465 |      0 |      0 |    309 |   7 |   66.4 |
        Bazaar |    365 |    365 |      0 |      0 |    268 |   2 |  182.5 |
       Volcano |    303 |    303 |      0 |      0 |    168 |   1 |  303.0 |
      Gauntlet |    378 |    378 |      0 |    136 |      0 |   1 |  378.0 |
               +--------+--------+--------+--------+--------+-----+--------+

Top non-repeatable levels by time:
 Slime:5: 3832 daAuts
Depths:4: 3622 daAuts
   Elf:2: 3384 daAuts
 Crypt:1: 3325 daAuts
   Elf:3: 3284 daAuts
Vaults:2: 3221 daAuts
Vaults:1: 3041 daAuts
Vaults:5: 2956 daAuts
Vaults:4: 2943 daAuts
 Snake:4: 2828 daAuts
Vaults:3: 2539 daAuts
   Zot:5: 2482 daAuts
     D:3: 2286 daAuts
    D:14: 2210 daAuts
 Swamp:3: 2181 daAuts
